 Dungeon Crawl Stone Soup version 0.20-a0-1058-g0491fde (webtiles) character file.

266 alfred1011 the Sneak (level 6, -14/28 HPs)
             Began as a Spriggan Enchanter on Apr 26, 2017.
             Killed from afar by Megalobster's ghost (24 damage)
             ... with an orb of energy
             ... on level 4 of the Dungeon.
             The game lasted 00:17:36 (2941 turns).

alfred1011 the Sneak (Spriggan Enchanter)           Turns: 2941, Time: 00:17:36

Health: -14/28     AC:  3    Str:  4    XL:     6   Next: 0%
Magic:  5/12       EV: 19    Int: 17    God:
Gold:   215        SH:  2    Dex: 18    Spells: 2/11 levels left

rFire    . . .     SeeInvis +   a - +1 dagger
rCold    . . .     Gourm    .   (shield restricted)
rNeg     . . .     Faith    .   n - +1 robe
rPois    .         Spirit   .   e - +0 hat
rElec    .         Reflect  +   (no cloak)
rCorr    .         Harm     .   (gloves unavailable)
MR       +....                  (boots unavailable)
Stlth    ++++......             o - +2 amulet of reflection
Regen    0.1/turn               (no ring)
MPRegen  0.2/turn               (no ring)

@: very quick
A: unfitting armour, see invisible, herbivore 3, speed 3, slow metabolism 2
a: no special abilities


You were on level 4 of the Dungeon.
You were not hungry.

You visited 1 branch of the dungeon, and saw 4 of its levels.

You collected 215 gold pieces.

Inventory:

Hand Weapons
 a - a +1 dagger (weapon)
Armour
 e - a +0 hat (worn)
 n - a +1 robe (worn)
Jewellery
 o - a +2 amulet of reflection (around neck)
 p - an uncursed ring of flight
 u - an uncursed ring of ice {unknown}
Wands
 m - a wand of digging (13/24)
 r - a wand of paralysis (14/24)
Scrolls
 b - 2 scrolls of remove curse
 h - a scroll of enchant armour {unknown}
 q - 2 scrolls of identify {unknown}
 t - a scroll of blinking {unknown}
Potions
 i - a potion of magic {unknown}
 j - a potion of agility {unknown}
 k - a potion of cancellation {unknown}
 l - a potion of might
 s - 3 potions of lignification {unknown}
Books
 c - a book of Maledictions

   Spells                             Type                      Level
   a - Corona                         Hexes                        1
   b - Ensorcelled Hibernation        Hexes/Ice                    2
   c - Confuse                        Hexes                        3
   d - Tukima's Dance                 Hexes                        3
   e - Dazzling Spray                 Conjuration/Hexes            3
Comestibles
 d - 3 bread rations
 f - 3 fruits
 g - a royal jelly


   Skills:
 - Level 2.5 Short Blades
 - Level 3.5 Dodging
 * Level 7.6 Stealth
 - Level 3.4 Spellcasting
 - Level 5.1 Hexes
 - Level 0.4 Ice Magic


You had 2 spell levels left.
You knew the following spells:

 Your Spells              Type           Power        Failure   Level  Hunger
a - Corona                Hex            ###....      1%          1    None
b - Ensorcelled Hibernat  Hex/Ice        ##....       9%          2    ##.....
c - Confuse               Hex            ###.....     6%          3    ###....
d - Dazzling Spray        Conj/Hex       ##....       17%         3    ###....


Dungeon Overview and Level Annotations

Branches:
Dungeon (4/15)
 Temple: D:4-7

Altars:

Annotations:
D:4 Megalobster's ghost, amateur DECj


Innate Abilities, Weirdness & Mutations

You are very small and have problems with some larger weapons.
You are too small for most types of armour.
You have supernaturally acute eyesight. (SInv)
You are a herbivore.
You cover ground extremely quickly.
You need consume almost no food.


Message History

Megalobster's ghost is lightly damaged.
Megalobster's ghost misses you.
You barely miss Megalobster's ghost.
Megalobster's ghost is lightly damaged.
Megalobster's ghost hits you but does no damage.
You hit Megalobster's ghost but do no damage.
Megalobster's ghost is lightly damaged.
Megalobster's ghost barely misses you.
You closely miss Megalobster's ghost.
Megalobster's ghost is lightly damaged.
Megalobster's ghost completely misses you.
You hit Megalobster's ghost but do no damage.
Megalobster's ghost is lightly damaged.
Megalobster's ghost misses you.
You closely miss Megalobster's ghost.
Megalobster's ghost is lightly damaged.
Megalobster's ghost points at you and mumbles some strange words.
The orb of energy hits you!
Ouch! That really hurt!
You die...

..#######...## ..#
##...###### .####
#........## ....##
#.........## #.
###..#
#..........#...
##.#
#?.............
#.#####..........#
#....##..........#
####.##......@...#
#..........W.##
####..........#
#..........#
#..........#
#..........#
#..!.......#
##........##
#.....


You could see Megalobster's ghost.

Vanquished Creatures
  Sigmund (D:2)
  An iguana (D:4)
  4 adders
  2 worms (D:2)
  2 dart slugs
  3 giant cockroaches
  5 hobgoblins
  3 kobolds
  A ball python (D:1)
  7 bats
  8 goblins
  A jackal skeleton (D:4)
  12 rats
50 creatures vanquished.

Notes
Turn   | Place    | Note
-------+----------+-------------------------------------------
     0 | D:1      | alfred1011 the Spriggan Enchanter began the quest for the Orb.
     0 | D:1      | Reached XP level 1. HP: 9/9 MP: 5/5
   155 | D:1      | Reached XP level 2. HP: 13/13 MP: 3/6
   612 | D:1      | Learned a level 2 spell: Ensorcelled Hibernation
   883 | D:2      | Noticed Sigmund
   890 | D:2      | Killed Sigmund
   890 | D:2      | Reached skill level 6 in Stealth
   890 | D:2      | Reached skill level 5 in Hexes
   890 | D:2      | Reached XP level 3. HP: 8/16 MP: 4/8
   890 | D:2      | Reached XP level 4. HP: 10/21 MP: 4/9
   890 | D:2      | Reached XP level 5. HP: 12/24 MP: 4/10
  2010 | D:3      | Reached skill level 7 in Stealth
  2578 | D:3      | Learned a level 3 spell: Confuse
  2858 | D:4      | Noticed Megalobster's ghost (amateur DECj)
  2882 | D:4      | Learned a level 3 spell: Dazzling Spray
  2898 | D:4      | Reached XP level 6. HP: 28/28 MP: 12/12
  2941 | D:4      | Killed from afar by Megalobster's ghost

Vault maps used:
D:1:      dpeg_arrival_erosion
D:2:      uniq_sigmund
D:3:      first_bread

Skill      XL: |  1  2  3  4  5 |
---------------+----------------+-----
Hexes          | 4 5 |  5.1
Short Blades   | 2 |  2.5
Stealth        | 6 7 |  7.6
Spellcasting   | 3 |  3.4
Dodging        | |  3.5
Ice Magic      | |  0.4

Action                   |  1- 3 |  4- 6 || total
-------------------------+-------+-------++-------
Melee: Dagger            |    40 |    96 ||   136
 Cast: Corona            |     6 |    10 ||    16
       Ensorcelled Hiber |     3 |    12 ||    15
       Confuse           |       |     3 ||     3
       Dazzling Spray    |       |     1 ||     1
 Abil: Evoke Flight      |       |     2 ||     2
  Use: Scroll            |       |     2 ||     2
 Stab: Sleeping          |    10 |    20 ||    30
       Distracted        |       |     1 ||     1
       Confused          |       |     1 ||     1
  Eat: Royal jelly       |       |     1 ||     1
Armor: Robe              |     2 |    10 ||    12
Dodge: Dodged            |    14 |    52 ||    66
Block: Other             |       |     3 ||     3
